 Dungeon Sprint DCSS version bcrawl-1.20.1-3-gdcb1fc31ed (webtiles) character file.

Game seed: 4226598518811050908

3740 Freyura the Envoy of Void (level 9, -13/78 HPs)
             Began as a Demonspawn Abyssal Knight on Jan 31, 2020.
             Was a High Priest of Lugonu.
             Mangled by a cane toad (19 damage)
             ... in the Dungeon (Sprint IX: "|||||||||||||||||||||||||||||").
             The game lasted 00:04:34 (534 turns).

Freyura the Envoy of Void (DsAK)                     Turns: 534, Time: 00:04:35

Health: -13/78     AC: 18    Str: 15    XL:     9   Next: 93%
Magic:  18/18      EV: 23    Int: 14    God:    Lugonu [*****.]
Gold:   26         SH:  5    Dex: 21    Spells: 8/8 levels left

rFire    . . .     SeeInvis .   o - +2 scimitar (flame)
rCold    + . .     Gourm    .   (no shield)
rNeg     . . .     Faith    .   b - +5 ring mail "Luel" {rElec Regen+}
rPois    .         Spirit   .   (helmet restricted)
rElec    +         Reflect  .   (no cloak)
rCorr    .         Harm     .   a - +0 pair of gloves
MR       .....     NoTele   +   p - +0 pair of boots
Stlth    ++........             (no amulet)
HPRegen  0.63/turn              r - +2 ring of protection
MPRegen  0.16/turn              s - +3 ring of strength

@: agile, lethally poisoned (-13 -> -14), berserk cooldown, slowed, very slow
A: antennae 1, icy blue scales 1, cold resistance 1, powered by pain 1
a: Bend Space, Banish, Corrupt, Renounce Religion


You were in the Dungeon.
You worshipped Lugonu.
Lugonu was extremely pleased with you.
You were not hungry.

You visited 1 branch You collected 26 gold pieces.

Inventory:

Hand Weapons
 o - a +2 scimitar of flaming (weapon)
Missiles
 c - 10 tomahawks of dispersal (quivered)
 d - 44 stones
Armour
 a - a +0 pair of gloves (worn)
 b - the +5 ring mail "Luel" (worn) {rElec Regen+}
   (Lugonu gifted it to you in the Dungeon)

   It insulates you from electricity.
   It increases your rate of regeneration.
 p - a +0 pair of boots (worn)
 q - a +2 ring mail
Jewellery
 r - a +2 ring of protection (left hand)
 s - a +3 ring of strength (right hand)
Wands
 n - a wand of iceblast (10)
Scrolls
 k - 5 scrolls of blinking
 l - 4 scrolls of remove curse
 m - 2 scrolls of amnesia
 v - 2 scrolls of fear
Potions
 f - 5 potions of curing
 g - a potion of invisibility
 h - a potion of haste
 i - 4 potions of magic
 j - 7 potions of heal wounds
 u - a potion of mutation
Comestibles
 e - a ration {!d}


   Skills:
 + Level 10.0 Fighting
 * Level 12.2 Long Blades
 - Level 0.8 Throwing
 + Level 9.1 Armour
 + Level 8.8 Dodging
 + Level 12.5 Invocations


You had 8 spell levels left.
You didn't know any spells.
Your spell library was empty.

Dungeon Overview and Level Annotations

Branches:
Dungeon (1/1)

Altars:
Cheibriados
Dithmenos
Elyvilon
Fedhas
Gozag
Hepliaklqana
Kikubaaqudgha
Lugonu
Makhleb
Nemelex Xobeh
Okawaru
Qazlal
Ru
Sif Muna
Trog
Uskayaw
Vehumet
Wu Jian
Xom
Yredelemnul
Zin
The Shining One
Beogh
Jiyva


Innate Abilities, Weirdness & Mutations

You have a pair of small antennae on your head.
You are partially covered in icy blue scales. (AC +2)
Your flesh is cold resistant. (rC+)
You sometimes gain a little power by taking damage.


Message History

You kill the crocodile!
Lugonu accepts your kill. Something appears at your feet!
Lugonu grants you ammunition!
You feel sick.
The cane toad hits you but does no damage.
You hit the cane toad. You burn the cane toad.
The cane toad is lightly wounded.
You feel sick. The cane toad closely misses you.
You slash the cane toad! You burn the cane toad.
The cane toad is heavily wounded.
You feel sick. The cane toad hits you!!
* * * LOW HITPOINT WARNING * * *
You focus on the pain.
You feel agile all of a sudden. The cane toad barely misses you.
You hit the cane toad but do no damage.
The cane toad is heavily wounded.
You feel sick. The cane toad hits you!!
You die... ▓▓▓▓▓▓▓▓▓▓▓▓▓▓▓▓▓▓▓▓▓▓▓▓ ..'.....[}......@FF.....{{ {{{{{{

▓▓▓▓▓▓▓▓▓▓▓▓▓▓▓▓▓▓▓▓▓▓▓▓▓▓▓▓▓▓▓▓▓
.................................
▓▓▓▓▓▓▓▓▓▓▓▓▓▓▓▓▓▓▓▓▓▓▓▓▓▓▓▓▓▓▓▓▓
)....'..)..'_____________________
▓▓▓▓▓▓▓▓▓▓▓▓▓▓▓▓▓▓▓▓▓▓▓▓▓▓▓▓▓▓▓▓▓


You could see a cane toad and a bullfrog.

Vanquished Creatures
  A two-headed ogre (D)
  3 cyclopes (D)
  A black mamba (D)
  A cane toad (D)
  A troll (D)
  2 crocodiles (D)
  A water moccasin (D)
  A porcupine (D)
  A black bear (D)
  An eye of draining (shapeshifter) (D)
  An ogre (D)
  A wolf (D)
  A crimson imp (D)
  2 hounds (D)
  An orc wizard (D)
  A shadow imp (D)
  A worm (D)
  A bat zombie (D)
  A goblin (D)
  A hobgoblin (D)
  2 kobolds (D)
  A giant cockroach zombie (D)
  A leopard gecko skeleton (D)
  A quokka zombie (D)
29 creatures vanquished.

Notes
Turn   | Place    | Note
-------+----------+-------------------------------------------
     0 | D        | Freyura the Demonspawn Abyssal Knight began the quest for
                  | the Orb.
     0 | D        | Reached XP level 1. HP: 18/18 MP: 2/2
     7 | D        | Reached skill level 1 in Dodging
    12 | D        | Reached ** piety under Lugonu
    27 | D        | Gained mutation: Your flesh is cold resistant. (rC+)
                  | [demonic ancestry]
    27 | D        | Reached XP level 2. HP: 23/24 MP: 4/4
    35 | D        | Noticed a crimson imp
    35 | D        | Noticed an ogre
    40 | D        | Reached *** piety under Lugonu
    40 | D        | Gained mutation: You sometimes gain a little power by
                  | taking damage. [demonic ancestry]
    40 | D        | Reached XP level 3. HP: 30/30 MP: 4/6
    41 | D        | Reached skill level 5 in Invocations
    41 | D        | Gained mutation: You are partially covered in icy blue
                  | scales. (AC +2) [demonic ancestry]
    41 | D        | Reached XP level 4. HP: 38/38 MP: 4/7
    53 | D        | Killed an ogre
    53 | D        | Reached **** piety under Lugonu
    53 | D        | Reached skill level 5 in Fighting
    53 | D        | Reached skill level 5 in Long Blades
    53 | D        | Reached XP level 5. HP: 44/44 MP: 5/9
    55 | D        | Found a roughly hewn altar of Beogh.
    55 | D        | Found a snail-covered altar of Cheibriados.
    55 | D        | Found a shadowy altar of Dithmenos.
    55 | D        | Found a white marble altar of Elyvilon.
    55 | D        | Found a blossoming altar of Fedhas.
    55 | D        | Found an opulent altar of Gozag.
    56 | D        | Found a hazy altar of Hepliaklqana.
    57 | D        | Found a viscous altar of Jiyva.
    58 | D        | Found an ancient bone altar of Kikubaaqudgha.
    59 | D        | Found a corrupted altar of Lugonu.
    60 | D        | Found a burning altar of Makhleb.
    61 | D        | Found a sparkling altar of Nemelex Xobeh.
    62 | D        | Found an iron altar of Okawaru.
    63 | D        | Found a stormy altar of Qazlal.
    64 | D        | Found a sacrificial altar of Ru.
    65 | D        | Found a shimmering blue altar of Sif Muna.
    66 | D        | Found a bloodstained altar of Trog.
    67 | D        | Found a hide-covered altar of Uskayaw.
    68 | D        | Found a radiant altar of Vehumet.
    69 | D        | Found an ornate altar of the Wu Jian Council.
    70 | D        | Found a shimmering altar of Xom.
    71 | D        | Found a basalt altar of Yredelemnul.
    72 | D        | Found a glowing silver altar of Zin.
    73 | D        | Found a glowing golden altar of the Shining One.
   126 | D        | Noticed a two-headed ogre
   126 | D        | Noticed a komodo dragon
   126 | D        | Noticed a black bear
   134 | D        | Killed a two-headed ogre
   134 | D        | Gained mutation: You have a pair of small antennae on your
                  | head. [demonic ancestry]
   134 | D        | Reached XP level 6. HP: 15/55 MP: 9/13
   134 | D        | Reached XP level 7. HP: 16/60 MP: 9/14
   138 | D        | Received a gift from Lugonu
   142 | D        | a komodo dragon changed into an eye of draining
   144 | D        | Received a gift from Lugonu
   147 | D        | Reached XP level 8. HP: 10/68 MP: 15/15
   151 | D        | Received a gift from Lugonu
   152 | D        | Got a bloodstained ring mail {god gift}
   163 | D        | Identified the +5 ring mail "Luel" {rElec Regen+} (Lugonu
                  | gifted it to you in the Dungeon)
   253 | D        | Noticed a cyclops
   253 | D        | Noticed a cyclops
   253 | D        | Noticed a troll
   253 | D        | Noticed a cyclops
   260 | D        | Killed a cyclops
   260 | D        | Reached skill level 10 in Long Blades
   260 | D        | Reached skill level 10 in Invocations
   265 | D        | Killed a cyclops
   274 | D        | Killed a troll
   274 | D        | Reached XP level 9. HP: 30/76 MP: 17/17
   285 | D        | Killed a cyclops
   495 | D        | Noticed a cane toad
   495 | D        | Noticed a black mamba
   502 | D        | Killed a cane toad
   506 | D        | Noticed a cane toad
   525 | D        | Killed a black mamba
   525 | D        | Reached ***** piety under Lugonu
   525 | D        | Reached skill level 10 in Fighting
   531 | D        | Received a gift from Lugonu
   534 | D        | Mangled by a cane toad

Skill      XL: |  1  2  3  4  5  6  7  8  9 |
---------------+----------------------------+-----
Long Blades    | 2 3 4 5 9 11 12 | 12.2
Dodging        | 1 2 3 4 6 7 8 |  8.8
Invocations    | 3 4 5 6 9 11 12 | 12.5
Armour         | 2 3 4 6 8 9 |  9.1
Fighting       | 4 5 7 9 10 | 10.0
Throwing       | |  0.8

Action                   |  1- 3 |  4- 6 |  7- 9 || total
-------------------------+-------+-------+-------++-------
Melee: Falchion          |    27 |     8 |       ||    35
       Scimitar          |       |     8 |    85 ||    93
  Use: Potion            |     2 |       |     2 ||     4
Armor: Leather armour    |     7 |     1 |       ||     8
       Ring mail         |       |       |    22 ||    22
Dodge: Dodged            |     8 |    11 |    37 ||    56
Block: Other             |       |     1 |     3 ||     4
